 Dungeon Crawl Stone Soup version 0.27-a0-906-g0a00ce863d (webtiles) character file.

Game seed: 7339634809056811298

11 kae the Insei (level 2, 22/22 HPs)
             Began as a Demonspawn Gladiator on Apr 6, 2021.
             Quit the game on level 2 of the Dungeon.
             The game lasted 00:00:29 (1139 turns).

kae the Insei (Demonspawn Gladiator)                Turns: 1139, Time: 00:00:29

Health: 22/22      AC:  4    Str: 14    XL:     2   Next: 13%
Magic:  2/2        EV: 12    Int:  9    God:
Gold:   53         SH:  0    Dex: 14    Spells: 1/1 levels left

rFire    . . .     SeeInvis .     - Unarmed
rCold    . . .     Faith    .   (no shield)
rNeg     . . .     Spirit   .   a - +0 leather armour
rPois    .         Reflect  .   b - +0 helmet
rElec    .         Harm     .   (no cloak)
rCorr    .         Rampage  .   (no gloves)
Will     .....                  (no boots)
Stlth    +.........             (no amulet)
HPRegen  0.07/turn              (no ring)
MPRegen  0.08/turn              (no ring)

@: no status effects
A: hooves 1
a: no special abilities


You were on level 2 of the Dungeon.
You visited 1 branch of the dungeon, and saw 2 of its levels.

You collected 53 gold pieces.

Inventory:

Missiles
 c - 2 throwing nets (quivered)
Armour
 a - a +0 leather armour (worn)
 b - a +0 helmet (worn)
Scrolls
 d - a scroll of summoning {unknown}
 e - 2 scrolls of magic mapping {unknown}
 f - 2 scrolls of identify {unknown}
 g - a scroll of holy word {unknown}
 i - a scroll of blinking {unknown}
 j - a scroll of torment {unknown}
Potions
 h - a potion of haste {unknown}


   Skills:
 + Level 2.2 Fighting
 - Level 1.7 Throwing
 + Level 2.8 Dodging
 * Level 3.0 Unarmed Combat


You had one spell level left.
You didn't know any spells.
Your spell library contained the following spells:

 Spells                   Type           Power      Damage    Failure   Level
 Corpse Rot               Necr/Air       N/A        N/A       61%         2
 Sublimation of Blood     Necr           0%         N/A       61%         2
 Dispel Undead            Necr           0%         3d6       99%         4
 Agony                    Necr           0%         N/A       100%        5
 Excruciating Wounds      Necr           0%         N/A       100%        5


Dungeon Overview and Level Annotations

Branches:
Dungeon (2/15)

Altars:
Hepliaklqana


Innate Abilities, Weirdness & Mutations

You have large cloven feet.


Message History

There is an open door here.
Found 25 arrows.
You see here 25 arrows.
Found 21 stones.
You see here 21 stones.
You see here 21 stones.
You open the door.
There is an open door here.
A ball python comes into view.
The ball python hisses angrily.
A bat comes into view.
The ball python moves out of view.
The bat moves out of view.
There are monsters nearby!
You throw a throwing net. The throwing net hits the ball python.
The ball python is caught in the net!
The ball python struggles against the net.
The bat misses you.
The ball python struggles against the net.
The bat hits you.
Found a stone staircase leading down.
You hit the ball python.
You kill the ball python!
The bat hits you but does no damage. The bat hits you but does no damage.
You hit the bat.
The bat is heavily wounded.
The bat closely misses you.
You closely miss the bat.
The bat is heavily wounded.
The bat closely misses you. The bat barely misses you.
You see here a throwing net.
The bat barely misses you.
You hit the bat.
You kill the bat!
No target in view!
No target in view!
No target in view!
No target in view!
Are you sure you want to abandon this character and quit the game? (Confirm with "yes".)

......# ....♣♣♣
#.......# ...♣♣
#.......#.... ...♣
#.......#...# ...♣
#.......#...# ...♣
♣.......#... ...♣
♣.......#.. # ...♣
♣.....†.#.#.# ####
♣.....@(#.#.#
♣...........+
♣......###.#>#
..########.# #####
# #......# .....
#.######
##############.#
..........(..#.###
############.#...#


There were no monsters in sight!

Vanquished Creatures
  4 bats
  A goblin (D:2)
  A hobgoblin (D:1)
  A kobold (D:1)
  A ball python (D:2)
  2 frilled lizards (D:1)
10 creatures vanquished.

Notes
Turn   | Place    | Note
-------+----------+-------------------------------------------
     0 | D:1      | kae the Demonspawn Gladiator began the quest for the Orb.
     0 | D:1      | Reached XP level 1. HP: 16/16 MP: 1/1
   318 | D:1      | Found a faded altar of an unknown god.
   756 | D:1      | Reached skill level 3 in Unarmed Combat
   909 | D:2      | Gained mutation: You have large cloven feet. [demonic
                  | ancestry]
   909 | D:2      | Reached XP level 2. HP: 17/22 MP: 2/2
  1029 | D:2      | Found a hazy altar of Hepliaklqana.
  1139 | D:2      | Quit the game

Illustrated notes

Levels and vault maps discovered:
D:1:      sevenhm_arrival_forest_fort_large_2, layout_basic,
          chequers_ecumenical_altar_simple_redux
D:2:      layout_basic, serial_forest, infiniplex_forest_clump_double,
          infiniplex_forest_clump_medium, infiniplex_forest_lined_room_2,
          infiniplex_forest_lined_3, infiniplex_forest_end_3,
          infiniplex_forest_straight_2, infiniplex_forest_clump_tiny,
          infiniplex_forest_lined_room_2, infiniplex_forest_clump_small,
          basic_altar, minmay_misc_feat_diagonals, minmay_tetromino_t4

Skill      XL: |  1 |
---------------+----+-----
Unarmed Combat | 3 |  3.0
Fighting       | |  2.2
Throwing       | |  1.7
Dodging        | |  2.8

Action                   || total
-------------------------++-------
Melee: Unarmed           ||    26
       Punch             ||     1
Throw: Throwing net      ||     1
Armor: Leather armour    ||    14
Dodge: Dodged            ||    32

Table legend: (Time is in decaauts)
 A = Elapsed time spent in this place.
 B = Non-inter-level travel time spent in this place.
 C = Inter-level travel time spent in this place.
 D = Time resting spent in this place.
 E = Time spent auto-exploring this place.
 F = Levels seen in this place.
 G = Mean time per level.
                   A        B        C        D        E       F      G
               +--------+--------+--------+--------+--------+-----+--------+
         Total |   1138 |   1126 |     12 |    143 |    907 |   2 |  569.0 |
       Dungeon |   1138 |   1126 |     12 |    143 |    907 |   2 |  569.0 |
               +--------+--------+--------+--------+--------+-----+--------+

Top non-repeatable levels by time:
     D:1: 861 daAuts
     D:2: 276 daAuts
